 Dungeon Crawl Stone Soup version 0.27.0-1-g7a089689b8 (webtiles) character file.

Game seed: 17855200825996157327

21 sasquatch the Poker (level 2, -3/22 HPs)
             Began as a Demonspawn Gladiator on Aug 8, 2021.
             Slain by an iron imp (4 damage)
             ... summoned by Natasha
             ... on level 2 of the Dungeon.
             The game lasted 00:01:27 (1398 turns).

sasquatch the Poker (Demonspawn Gladiator)          Turns: 1398, Time: 00:01:28

Health: -3/22      AC:  7    Str: 14    XL:     2   Next: 62%
Magic:  2/2        EV: 11    Int:  9    God:
Gold:   42         SH:  0    Dex: 14    Spells: 1/1 levels left

rFire    . . .     SeeInvis .   a - +0 trident
rCold    . . .     Faith    .   (no shield)
rNeg     . . .     Spirit   .   k - +0 ring mail
rPois    .         Reflect  .   c - +0 helmet
rElec    .         Harm     .   i - +0 cloak
rCorr    .         Rampage  .   (no gloves)
Will     .....                  (no boots)
Stlth    +.........             (no amulet)
HPRegen  0.07/turn              (no ring)
MPRegen  0.08/turn              (no ring)

@: no status effects
A: spiny 1
a: no special abilities


You were on level 2 of the Dungeon.
You visited 1 branch of the dungeon, and saw 2 of its levels.

You collected 42 gold pieces.

Inventory:

Hand Weapons
 a - a +0 trident (weapon)
Missiles
 d - 3 throwing nets (quivered)
Armour
 c - a +0 helmet (worn)
 i - a +0 cloak (worn)
 k - a +0 ring mail (worn)
Scrolls
 b - a scroll of teleportation {unknown}
 e - a scroll of magic mapping {unknown}
 g - a scroll of vulnerability {unknown}
 j - a scroll of summoning {unknown}
 l - a scroll of identify {unknown}
 m - a scroll of acquirement {unknown}
Potions
 f - a potion of lignification {unknown}
 h - a potion of haste {unknown}


   Skills:
 - Level 2.0 Fighting
 + Level 3.6 Polearms
 - Level 1.7 Throwing
 - Level 2.6 Dodging


You had one spell level left.
You didn't know any spells.
Your spell library was empty.

Dungeon Overview and Level Annotations

Branches:
Dungeon (2/15)

Altars:

Shops:
D:1 (

Annotations:
D:2 Natasha


Innate Abilities, Weirdness & Mutations

You are partially covered in sharp spines.


Message History

There is an open door here.
You open the door.
As you open the large door, it creaks loudly!
There is a large open door here.
There is a large open door here.
There is a large open door here.
There is a large open door here.
There is an open door here.
A kobold comes into view. It is wielding a +0 dagger.
The kobold shouts!
A kobold is nearby!
Natasha, Servant of Life and Death comes into view.
Natasha hisses angrily.
Natasha casts a spell.
You reach to attack!
You hit the kobold.
You kill the kobold!
Natasha mumbles some strange words.
Found a scroll labelled JAOHIQI IFUCEC.
You reach to attack!
You hit Natasha.
Natasha is moderately wounded.
You hit Natasha but do no damage.
Natasha is moderately wounded.
Natasha claws you. The iron imp closely misses you.
You barely miss Natasha.
Natasha is moderately wounded.
Natasha barely misses you. The iron imp hits you.
Unknown command.
You hit Natasha.
Natasha is heavily wounded.
Natasha mumbles some strange words.
You feel troubled. Natasha claws you! The iron imp hits you.
The iron imp barely misses you.
You hit Natasha but do no damage.
Natasha is heavily wounded.
Natasha casts a spell at you. The magic dart hits you.
The iron imp is struck by your spines. The iron imp hits you.
* * * LOW HITPOINT WARNING * * *
The iron imp hits you.
You die...

#.....#...
....?........
#.....'...
............#
#.....#...
............#
#####.##..
............# #.##.#
............# ###'##+#
............# #.......
#...h.....# #.......
#...5@....# #.......
#...5.....# #.......
#.........#######'##'#
#..#####.....## #.##'#
#.. #..###..# #.#...
#..####.## ##.###.#...
# ..#... #...#.#...
#...## ###...#... #..#
##..#...


You could see 2 iron imps and Natasha.

Vanquished Creatures
  An endoplasm (D:2)
  2 goblins (D:1)
  4 jackals (D:1)
  A ball python (D:2)
  2 bats (D:1)
  2 frilled lizards (D:1)
  4 kobolds
  4 rats (D:1)
20 creatures vanquished.

Notes
Turn   | Place    | Note
-------+----------+-------------------------------------------
     0 | D:1      | sasquatch the Demonspawn Gladiator began the quest for the
                  | Orb.
     0 | D:1      | Reached XP level 1. HP: 16/16 MP: 1/1
    58 | D:1      | Found a faded altar of an unknown god.
   338 | D:1      | Reached skill level 3 in Polearms
   444 | D:1      | Gained mutation: You are partially covered in sharp spines.
                  | [demonic ancestry]
   444 | D:1      | Reached XP level 2. HP: 6/22 MP: 2/2
   734 | D:1      | Found Merexy's Antique Weapon Shoppe.
  1390 | D:2      | Noticed Natasha
  1398 | D:2      | HP: 1/22 [iron imp[Natasha] (6)]
  1398 | D:2      | Slain by an iron imp

Illustrated notes

Levels and vault maps discovered:
D:1:      tarquinn_simple_flora_water_a, layout_loops_ring, serial_shops, shop,
          shapermc_ecumenical_altar_ellora
D:2:      cheibrodos_greedy_goblins, layout_basic, uniq_natasha

Skill      XL: |  1 |
---------------+----+-----
Polearms       | 3 |  3.6
Fighting       | |  2.0
Throwing       | |  1.7
Dodging        | |  2.6

Action                   || total
-------------------------++-------
Melee: Trident           ||    46
Armor: Leather armour    ||     5
       Ring mail         ||     3
Dodge: Dodged            ||    20
